MONTREAL vs VEGAS

Created - March-20-21 at 21:25

Goals
1 2 3 OT1 T
MONTREAL 0 2 2 1 5
VEGAS 1 1 2 0 4
Shots
1 2 3 OT1 T
MONTREAL 8 12 14 3 37
VEGAS 9 14 16 2 41

1st period

1. VEGAS , Brock Nelson 26 (Sam Reinhart 28, Nick Holden 19) at 10:14 (PP)

Penalties :
Josh Anderson (VGK) for Slashing (Minor) at 0:26, Josh Anderson (VGK) for Goalie Interference (Minor) at 3:50, Phillip Danault (MON) for Hooking (Minor) at 8:43, Max Comtois (VGK) for Hooking (Minor) at 10:53, P.K. Subban (MON) for Tripping (Minor) at 14:33, Nathan Beaulieu (MON) for Tripping (Minor) at 17:25, Nathan Beaulieu (MON) for Hooking (Minor) at 19:47

2nd period

2. VEGAS , Nick Holden 4 (Brock Nelson 29, Brent Seabrook 14) at 1:33 (PP)
3. MONTREAL , Tomas Tatar 10 (Phillip Danault 18, Keith Yandle 14) at 3:11
4. MONTREAL , Max Pacioretty 14 (Nathan MacKinnon 21, P.K. Subban 15) at 4:36

Penalties :
Max Pacioretty (MON) for Hooking (Minor) at 5:28, Josh Anderson (VGK) for Hooking (Minor) at 14:35

3rd period

5. MONTREAL , Tony DeAngelo 4 (Nathan MacKinnon 22, Erik Gustafsson 18) at 4:04 (PP)
6. MONTREAL , P.K. Subban 7 (Alex Iafallo 7, Phillip Danault 19) at 5:26
7. VEGAS , Oliver Bjorkstrand 16 (Nikita Zadorov 16, Brock Nelson 30) at 8:48 (PP)
8. VEGAS , Nikita Zadorov 3 (Kyle Turris 15, Josh Anderson 8) at 13:15 (PP)

Penalties :
Sam Reinhart (VGK) for Interference (Minor) at 3:33, Alex Iafallo (MON) for Boarding (Minor) at 8:04, Nathan Beaulieu (MON) for Holding (Minor) at 11:19, Vincent Trocheck (MON) for Boarding (Minor) at 18:47

Overtime #1

9. MONTREAL , Nathan MacKinnon 20 (Will Butcher 1, Robin Lehner) at 3:46

Penalties :
No Penalty

Goalie Stats

Robin Lehner (MON), 37 saves from 41 shots - (0.902), W, 18-16-2, 63:47 minutes
Braden Holtby (VGK), 32 saves from 37 shots - (0.865), OTL, 19-17-3, 63:47 minutes

Players Stats for MONTREAL

Player Name              G  A  P  +/- PIM S  H  SB GA TA FO     MP     PP MP  PK MP  
------------------------------------------------------------------------------------
Alex Iafallo             0  1  1   2  2   1  1  0  0  0  2/2    15:28   3:40   0:00 
Brock McGinn             0  0  0   0  0   2  0  0  0  0  0/0     2:22   0:00   1:11 
Erik Gustafsson          0  1  1   0  0   4  3  3  0  0  0/0    23:19   4:18   6:37 
Jacob de La Rose         0  0  0   0  0   0  0  0  0  0  0/0     0:00   0:00   0:00 
Joel Armia               0  0  0   0  0   0  0  0  0  0  0/0     1:54   0:00   0:00 
Keith Yandle             0  1  1   3  0   1  0  2  0  0  0/0    27:23   4:09   7:11 
Kiefer Sherwood          0  0  0   0  0   0  0  0  0  0  0/1     2:10   0:00   2:10 
Mark Jankowski           0  0  0   0  0   1  0  0  0  0  5/13   12:35   0:00   0:05 
Max Pacioretty           1  0  1   1  2   4  1  0  0  0  0/3    26:07   4:47   6:38 
Nathan Beaulieu          0  0  0   0  6   0  0  0  0  0  0/0    12:10   0:00   1:05 
Nathan MacKinnon         1  2  3   2  0   6  0  0  0  0  28/51  28:48   4:47   8:19 
Nino Niederreiter        0  0  0   0  0   2  2  0  0  0  0/0    11:23   0:00   0:00 
P.K. Subban              1  1  2   3  2   1  2  0  0  0  0/0    26:36   4:09   6:11 
Phillip Danault          0  2  2   2  2   5  2  0  0  0  18/28  17:22   3:40   0:28 
Roope Hintz              0  0  0   0  0   2  2  0  0  0  1/1    11:23   0:00   0:00 
Tomas Tatar              1  0  1   2  0   3  3  0  0  0  0/1    19:47   3:40   4:18 
Tony DeAngelo            1  0  1   0  0   5  2  2  0  0  0/0    22:54   4:18   6:12 
Vincent Trocheck         0  0  0   1  2   0  2  0  0  0  1/3    21:57   4:47   3:50 
Wayne Simmonds           0  0  0   1  0   0  2  0  0  0  0/0     2:21   0:00   0:00 
Will Butcher             0  1  1   1  0   0  1  1  0  0  0/0    12:08   0:00   0:30 

Players Stats for VEGAS

Player Name              G  A  P  +/- PIM S  H  SB GA TA FO     MP     PP MP  PK MP  
------------------------------------------------------------------------------------
Alexander Kerfoot        0  0  0  -1  0   3  0  0  0  0  11/21  12:14   0:00   0:49 
Brent Seabrook           0  1  1  -3  0   2  2  3  0  0  0/0    27:04   6:35   5:16 
Brock Nelson             1  2  3  -2  0   5  1  0  0  0  23/42  27:18   6:01   6:01 
Cody Glass               0  0  0   0  0   0  0  0  0  0  0/2     2:23   0:00   0:00 
Daniel Sprong            0  0  0  -1  0   1  0  0  0  0  0/0    11:25   0:00   0:00 
Devon Toews              0  0  0   0  0   2  0  2  0  0  0/0    22:26   6:31   2:56 
Jayce Hawryluk           0  0  0   0  0   0  0  0  0  0  0/0     4:25   0:40   0:00 
Josh Anderson            0  1  1   0  6   5  4  0  0  0  1/4    19:10   6:25   0:00 
Kyle Turris              0  1  1  -1  0   0  0  0  0  0  12/24  20:21   6:25   2:08 
Matt Luff                0  0  0   0  0   1  0  0  0  0  0/0     0:40   0:40   0:00 
Max Comtois              0  0  0  -1  2   1  0  0  0  0  0/0    11:24   0:00   0:00 
Michael Grabner          0  0  0   0  0   3  1  0  0  0  0/0    17:54   6:25   0:00 
Mikhail Grigorenko       0  0  0  -1  0   0  0  0  0  0  0/0     2:42   0:00   0:00 
Nick Holden              1  1  2  -3  0   4  3  4  0  0  0/0    25:42   6:35   5:16 
Nikita Zadorov           1  1  2   0  0   2  4  1  0  0  0/0    23:02   5:51   2:53 
Oliver Bjorkstrand       1  0  1  -2  0   5  0  0  0  0  1/6    22:59   6:01   2:26 
Sam Reinhart             0  1  1  -2  2   6  0  0  0  0  0/4    25:27   6:01   5:30 
Slater Koekkoek          0  0  0  -1  0   0  0  0  0  0  0/0    13:01   0:00   0:18 
Stephen Johns            0  0  0   0  0   1  0  1  0  0  0/0    13:19   0:40   0:15 
Victor Rask              0  0  0   0  0   0  0  0  0  0  0/0     0:40   0:40   0:00 

3 Stars

1 - Nathan MacKinnon (MON)
2 - P.K. Subban (MON)
3 - Tomas Tatar (MON)

Power Play

MONTREAL - 1 on 5 Attempt(s) - 20.00%
VEGAS - 4 on 8 Attempt(s) - 50.00%

Penalty Kill

MONTREAL - 4 on 8 Attempt(s) - 50.00% - Score 0 goal in Penalty Kill
VEGAS - 4 on 5 Attempt(s) - 80.00% - Score 0 goal in Penalty Kill

Team Stat

MONTREAL - Hits : 23 - Faceoff Wins : 55 - Blocked Shots : 8 - Penalty Minutes : 16
VEGAS - Hits : 15 - Faceoff Wins : 48 - Blocked Shots : 11 - Penalty Minutes : 10

Official

Referees : Jonathan Junk Googoo and Conor O'Donnell
Linesman : Ron Holmes and Matt MacPherson

Game Notes

No Game Note

Finance

Level 1 -- Attendance: 4531 (75.52%) -- Ticket Income $453,100
Level 2 -- Attendance: 4147 (82.94%) -- Ticket Income $248,820
Level 3 -- Attendance: 1988 (99.40%) -- Ticket Income $69,580
Level 4 -- Attendance: 2715 (67.88%) -- Ticket Income $67,875
Luxury Box -- Attendance: 767 (76.70%) -- Ticket Income $153,400
Game was played at the T-Mobile Arena.
Total Attendance: 14148 (78.60%)
Total Ticket Income: $992,775
Total Income: $992,775

MONTREAL

5 vs 5 Forward 
   Center                   Left Wing                Right Wing               Time % Phy DF OF 
 1 Nathan MacKinnon         Max Pacioretty           Vincent Trocheck         35     1   2  2  
 2 Phillip Danault          Tomas Tatar              Alex Iafallo             30     1   2  2  
 3 Mark Jankowski           Roope Hintz              Nino Niederreiter        25     1   2  2  
 4 Nathan MacKinnon         Wayne Simmonds           Joel Armia               10     1   2  2  

5 vs 5 Defense 
   Defense                  Defense                                           Time % Phy DF OF 
 1 Keith Yandle             P.K. Subban                                       35     1   2  2  
 2 Erik Gustafsson          Tony DeAngelo                                     30     1   2  2  
 3 Will Butcher             Nathan Beaulieu                                   25     1   2  2  
 4 Keith Yandle             P.K. Subban                                       10     1   2  2  

PowerPlay Forward 
   Center                   Left Wing                Right Wing               Time % Phy DF OF 
 1 Nathan MacKinnon         Max Pacioretty           Vincent Trocheck         60     1   2  2  
 2 Phillip Danault          Tomas Tatar              Alex Iafallo             40     1   2  2  

PowerPlay Defense
   Defense                  Defense                                           Time % Phy DF OF 
 1 Keith Yandle             P.K. Subban                                       60     1   2  2  
 2 Erik Gustafsson          Tony DeAngelo                                     40     1   2  2  

Penalty Kill 4 Players Forward 
   Center                   Wing                     Time % Phy DF OF 
 1 Nathan MacKinnon         Max Pacioretty           60     1   2  2  
 2 Vincent Trocheck         Tomas Tatar              40     1   2  2  

Penalty Kill 4 Players Defense
   Defense                  Defense                  Time % Phy DF OF 
 1 Keith Yandle             P.K. Subban              60     1   2  2  
 2 Erik Gustafsson          Tony DeAngelo            40     1   2  2  

Penalty Kill - 3 Players Forward 
   Forward                                           Time % Phy DF OF 
 1 Nathan MacKinnon                                  60     1   2  2  
 2 Max Pacioretty                                    40     1   2  2  

Penalty Kill - 3 Players Defense
   Defense                  Defense                  Time % Phy DF OF 
 1 Keith Yandle             P.K. Subban              60     1   2  2  
 2 Erik Gustafsson          Tony DeAngelo            40     1   2  2  

4 vs 4 Forward 
   Center                   Wing                     Time % Phy DF OF 
 1 Nathan MacKinnon         Max Pacioretty           60     1   2  2  
 2 Vincent Trocheck         Tomas Tatar              40     1   2  2  

4 vs 4 Defense
   Defense                  Defense                  Time % Phy DF OF 
 1 Keith Yandle             P.K. Subban              60     1   2  2  
 2 Erik Gustafsson          Tony DeAngelo            40     1   2  2  

Last Minutes Offensive
   Center                   Left Wing                Right Wing               Defense                  Defense                  
   Nathan MacKinnon         Max Pacioretty           Vincent Trocheck         Keith Yandle             P.K. Subban              

Last Minutes Defensive
   Center                   Left Wing                Right Wing               Defense                  Defense                  
   Nathan MacKinnon         Max Pacioretty           Vincent Trocheck         Keith Yandle             P.K. Subban              

Goaltenders
Starting : Robin Lehner             
Backup : Thomas Greiss            

Extra Forwards
Normal : Brock McGinn, Jacob de La Rose, Kiefer Sherwood - PP : Brock McGinn, Jacob de La Rose - PK : Kiefer Sherwood
Extra Defensemen
Normal : Will Butcher, Nathan Beaulieu, Erik Gustafsson - PP : Will Butcher - PK : Nathan Beaulieu, Erik Gustafsson
Penalty Shots
Nathan MacKinnon, Max Pacioretty, Vincent Trocheck, Tomas Tatar, Phillip Danault

Scratches
Connor Murphy (Sprained Right Finger Injury), MTL Cap Hit (Suspend)

VEGAS

5 vs 5 Forward 
   Center                   Left Wing                Right Wing               Time % Phy DF OF 
 1 Brock Nelson             Oliver Bjorkstrand       Sam Reinhart             35     1   2  2  
 2 Kyle Turris              Josh Anderson            Michael Grabner          30     1   2  2  
 3 Alexander Kerfoot        Max Comtois              Daniel Sprong            25     1   2  2  
 4 Cody Glass               Mikhail Grigorenko       Jayce Hawryluk           10     1   2  2  

5 vs 5 Defense 
   Defense                  Defense                                           Time % Phy DF OF 
 1 Brent Seabrook           Nick Holden                                       35     1   2  2  
 2 Nikita Zadorov           Devon Toews                                       30     1   2  2  
 3 Stephen Johns            Slater Koekkoek                                   25     1   2  2  
 4 Brent Seabrook           Nick Holden                                       10     1   2  2  

PowerPlay Forward 
   Center                   Left Wing                Right Wing               Time % Phy DF OF 
 1 Brock Nelson             Oliver Bjorkstrand       Sam Reinhart             60     1   2  2  
 2 Kyle Turris              Josh Anderson            Michael Grabner          40     1   2  2  

PowerPlay Defense
   Defense                  Defense                                           Time % Phy DF OF 
 1 Brent Seabrook           Nick Holden                                       60     1   2  2  
 2 Nikita Zadorov           Devon Toews                                       40     1   2  2  

Penalty Kill 4 Players Forward 
   Center                   Wing                     Time % Phy DF OF 
 1 Brock Nelson             Sam Reinhart             60     1   2  2  
 2 Oliver Bjorkstrand       Kyle Turris              40     1   2  2  

Penalty Kill 4 Players Defense
   Defense                  Defense                  Time % Phy DF OF 
 1 Brent Seabrook           Nick Holden              60     1   2  2  
 2 Nikita Zadorov           Devon Toews              40     1   2  2  

Penalty Kill - 3 Players Forward 
   Forward                                           Time % Phy DF OF 
 1 Brock Nelson                                      60     1   2  2  
 2 Sam Reinhart                                      40     1   2  2  

Penalty Kill - 3 Players Defense
   Defense                  Defense                  Time % Phy DF OF 
 1 Brent Seabrook           Nick Holden              60     1   2  2  
 2 Nikita Zadorov           Devon Toews              40     1   2  2  

4 vs 4 Forward 
   Center                   Wing                     Time % Phy DF OF 
 1 Brock Nelson             Sam Reinhart             60     1   2  2  
 2 Oliver Bjorkstrand       Kyle Turris              40     1   2  2  

4 vs 4 Defense
   Defense                  Defense                  Time % Phy DF OF 
 1 Brent Seabrook           Nick Holden              60     1   2  2  
 2 Nikita Zadorov           Devon Toews              40     1   2  2  

Last Minutes Offensive
   Center                   Left Wing                Right Wing               Defense                  Defense                  
   Brock Nelson             Oliver Bjorkstrand       Sam Reinhart             Brent Seabrook           Nick Holden              

Last Minutes Defensive
   Center                   Left Wing                Right Wing               Defense                  Defense                  
   Brock Nelson             Oliver Bjorkstrand       Sam Reinhart             Brent Seabrook           Nick Holden              

Goaltenders
Starting : Braden Holtby            
Backup : Tristan Jarry            

Extra Forwards
Normal : Victor Rask, Matt Luff, Alexander Kerfoot - PP : Victor Rask, Matt Luff - PK : Alexander Kerfoot
Extra Defensemen
Normal : Stephen Johns, Slater Koekkoek, Nikita Zadorov - PP : Stephen Johns - PK : Slater Koekkoek, Nikita Zadorov
Penalty Shots
Brock Nelson, Sam Reinhart, Oliver Bjorkstrand, Kyle Turris, Josh Anderson

Scratches
Jack Johnson (Healthy), VGK Cap Hit (Suspend)

% Time on Ice - MONTREAL

Lines # - Real PCT - Wanted PCT - Time Play
Normal Forward
1 - 35% - 35% - 13:21
2 - 31% - 30% - 11:49
3 - 30% - 25% - 11:23
4 - 5% - 10% - 1:54
Normal Defense
1 - 37% - 35% - 14:09
2 - 32% - 30% - 12:24
3 - 29% - 25% - 11:08
4 - 2% - 10% - 0:46
PP Forward
1 - 57% - 60% - 4:47
2 - 43% - 40% - 3:40
PP Defense
1 - 49% - 60% - 4:09
2 - 51% - 40% - 4:18
PK Forward
1 - 67% - 60% - 8:48
2 - 33% - 40% - 4:18
PK Defense
1 - 55% - 60% - 7:14
2 - 45% - 40% - 5:52
PK3 Forward
1 - 100% - 60% - 0:47
2 - 0% - 40% - 0:00
PK3 Defense
1 - 57% - 60% - 0:27
2 - 43% - 40% - 0:20
44 Forward
1 - 0% - 60%
2 - 0% - 40%
44 Defense
1 - 0% - 60%
2 - 0% - 40%
Last Minute Offensive  - 0:00
Last Minute Defensive  - 0:00
Total
Forward - 60:47
Defense - 60:47

% Time on Ice - VEGAS

Lines # - Real PCT - Wanted PCT - Time Play
Normal Forward
1 - 34% - 35% - 13:10
2 - 30% - 30% - 11:29
3 - 30% - 25% - 11:25
4 - 6% - 10% - 2:23
Normal Defense
1 - 35% - 35% - 13:26
2 - 33% - 30% - 12:37
3 - 32% - 25% - 12:24
4 - 0% - 10% - 0:00
PP Forward
1 - 46% - 60% - 6:01
2 - 54% - 40% - 7:05
PP Defense
1 - 50% - 60% - 6:35
2 - 50% - 40% - 6:31
PK Forward
1 - 71% - 60% - 6:01
2 - 29% - 40% - 2:26
PK Defense
1 - 62% - 60% - 5:16
2 - 38% - 40% - 3:11
PK3 Forward
1 - 0% - 60%
2 - 0% - 40%
PK3 Defense
1 - 0% - 60%
2 - 0% - 40%
44 Forward
1 - 100% - 60% - 0:47
2 - 0% - 40% - 0:00
44 Defense
1 - 53% - 60% - 0:25
2 - 47% - 40% - 0:22
Last Minute Offensive  - 0:00
Last Minute Defensive  - 0:00
Total
Forward - 60:47
Defense - 60:47

Play-by-Play

1st period


0:01 of 1st period - Brock Nelson wins face-off versus Nathan MacKinnon in neutral zone.
0:01 of 1st period - Sam Reinhart is hit by Vincent Trocheck and loses puck.
0:06 of 1st period - Shot by Oliver Bjorkstrand.
0:06 of 1st period - Shot Blocked by Keith Yandle.
0:18 of 1st period - Shot by Brock Nelson.
0:18 of 1st period - Stopped by Robin Lehner without a rebound.
0:19 of 1st period - Phillip Danault wins face-off versus Josh Anderson in MONTREAL zone.
0:19 of 1st period - Phillip Danault is hit by Josh Anderson.
0:26 of 1st period - Minor Penalty to Josh Anderson for Slashing.
0:27 of 1st period - Nathan MacKinnon wins face-off versus Brock Nelson in VEGAS zone.
0:27 of 1st period - Vincent Trocheck is hit by Nick Holden.
0:44 of 1st period - Nathan MacKinnon is hit by Brent Seabrook and loses puck.
0:53 of 1st period - Shot by Vincent Trocheck.
0:53 of 1st period - Shot Blocked by Nick Holden.
1:29 of 1st period - Shot by Erik Gustafsson.
1:29 of 1st period - Stopped by Braden Holtby with a rebound.
1:38 of 1st period - Shot by Phillip Danault.
1:38 of 1st period - Stopped by Braden Holtby with a rebound.
3:50 of 1st period - Minor Penalty to Josh Anderson for Goalie Interference.
3:51 of 1st period - Oliver Bjorkstrand wins face-off versus Phillip Danault in VEGAS zone.
3:51 of 1st period - Oliver Bjorkstrand is hit by Tomas Tatar.
4:05 of 1st period - Oliver Bjorkstrand is hit by Alex Iafallo and loses puck.
4:31 of 1st period - Off-side.
4:32 of 1st period - Nathan MacKinnon wins face-off versus Oliver Bjorkstrand in neutral zone.
4:41 of 1st period - Shot by Erik Gustafsson.
4:41 of 1st period - Stopped by Braden Holtby without a rebound.
4:42 of 1st period - Nathan MacKinnon wins face-off versus Oliver Bjorkstrand in VEGAS zone.
4:42 of 1st period - Vincent Trocheck is hit by Nikita Zadorov.
4:48 of 1st period - Shot by Tony DeAngelo.
4:48 of 1st period - Stopped by Braden Holtby without a rebound.
4:49 of 1st period - Nathan MacKinnon wins face-off versus Sam Reinhart in VEGAS zone.
5:20 of 1st period - Shot by Max Pacioretty.
5:20 of 1st period - Shot Misses the Net.
5:48 of 1st period - Icing by Tomas Tatar.
5:49 of 1st period - Phillip Danault wins face-off versus Oliver Bjorkstrand in MONTREAL zone.
6:51 of 1st period - Tomas Tatar is hit by Nikita Zadorov and loses puck.
7:04 of 1st period - Shot by Phillip Danault.
7:04 of 1st period - Stopped by Braden Holtby without a rebound.
7:05 of 1st period - Brock Nelson wins face-off versus Max Pacioretty in VEGAS zone.
7:32 of 1st period - Shot by Nathan MacKinnon.
7:32 of 1st period - Shot Misses the Net.
8:23 of 1st period - Shot by Michael Grabner.
8:23 of 1st period - Deflect By Kyle Turris.
8:23 of 1st period - Shot Misses the Net.
8:43 of 1st period - Minor Penalty to Phillip Danault for Hooking.
8:44 of 1st period - Brock Nelson wins face-off versus Kiefer Sherwood in MONTREAL zone.
8:55 of 1st period - Shot by Brock Nelson.
8:55 of 1st period - Shot Misses the Net.
9:14 of 1st period - Off-side.
9:15 of 1st period - Josh Anderson wins face-off versus Nathan MacKinnon in neutral zone.
9:39 of 1st period - Shot by Nikita Zadorov.
9:39 of 1st period - Stopped by Robin Lehner with a rebound.
9:41 of 1st period - Shot by Devon Toews.
9:41 of 1st period - Shot Misses the Net.
9:43 of 1st period - Shot by Michael Grabner.
9:43 of 1st period - Shot Misses the Net.
9:45 of 1st period - Shot by Michael Grabner.
9:45 of 1st period - Stopped by Robin Lehner without a rebound.
9:46 of 1st period - Brock Nelson wins face-off versus Vincent Trocheck in MONTREAL zone.
10:10 of 1st period - Shot by Sam Reinhart.
10:10 of 1st period - Shot Misses the Net.
10:12 of 1st period - Shot by Brock Nelson.
10:12 of 1st period - Shot Misses the Net.
10:14 of 1st period - Shot by Brock Nelson.
10:14 of 1st period - Goal by Brock Nelson - MONTREAL : 0 - VEGAS : 1.
10:15 of 1st period - Alexander Kerfoot wins face-off versus Mark Jankowski in neutral zone.
10:24 of 1st period - Shot by Max Comtois.
10:24 of 1st period - Shot Blocked by Will Butcher.
10:53 of 1st period - Minor Penalty to Max Comtois for Hooking.
10:54 of 1st period - Alex Iafallo wins face-off versus Brock Nelson in VEGAS zone.
11:38 of 1st period - Icing by Phillip Danault.
11:39 of 1st period - Brock Nelson wins face-off versus Phillip Danault in MONTREAL zone.
11:52 of 1st period - Icing by Phillip Danault.
11:53 of 1st period - Phillip Danault wins face-off versus Brock Nelson in MONTREAL zone.
12:33 of 1st period - Shot by Tony DeAngelo.
12:33 of 1st period - Stopped by Braden Holtby without a rebound.
12:34 of 1st period - Nathan MacKinnon wins face-off versus Brock Nelson in VEGAS zone.
12:37 of 1st period - Shot by Nathan MacKinnon.
12:37 of 1st period - Shot Blocked by Devon Toews.
12:43 of 1st period - Shot by Erik Gustafsson.
12:43 of 1st period - Shot Misses the Net.
12:45 of 1st period - Shot by Nathan MacKinnon.
12:45 of 1st period - Stopped by Braden Holtby without a rebound.
12:46 of 1st period - Phillip Danault wins face-off versus Oliver Bjorkstrand in VEGAS zone.
13:04 of 1st period - Icing by Daniel Sprong.
13:05 of 1st period - Alexander Kerfoot wins face-off versus Nathan MacKinnon in VEGAS zone.
13:05 of 1st period - Alexander Kerfoot is hit by Wayne Simmonds.
13:14 of 1st period - Icing by Keith Yandle.
13:15 of 1st period - Nathan MacKinnon wins face-off versus Brock Nelson in MONTREAL zone.
13:22 of 1st period - Sam Reinhart is hit by Wayne Simmonds and loses puck.
13:30 of 1st period - Icing by Brent Seabrook.
13:31 of 1st period - Phillip Danault wins face-off versus Brock Nelson in VEGAS zone.
14:04 of 1st period - Shot by Sam Reinhart.
14:04 of 1st period - Stopped by Robin Lehner without a rebound.
14:05 of 1st period - Nathan MacKinnon wins face-off versus Josh Anderson in MONTREAL zone.
14:12 of 1st period - Shot by Max Pacioretty.
14:12 of 1st period - Stopped by Braden Holtby without a rebound.
14:13 of 1st period - Nathan MacKinnon wins face-off versus Josh Anderson in VEGAS zone.
14:26 of 1st period - Shot by Vincent Trocheck.
14:26 of 1st period - Shot Misses the Net.
14:33 of 1st period - Minor Penalty to P.K. Subban for Tripping.
14:34 of 1st period - Nathan MacKinnon wins face-off versus Brock Nelson in MONTREAL zone.
15:22 of 1st period - Shot by Michael Grabner.
15:22 of 1st period - Shot Misses the Net.
15:24 of 1st period - Shot by Kyle Turris.
15:24 of 1st period - Shot Blocked by Keith Yandle.
16:35 of 1st period - Icing by Brock Nelson.
16:36 of 1st period - Alexander Kerfoot wins face-off versus Mark Jankowski in VEGAS zone.
16:44 of 1st period - Off-side.
16:45 of 1st period - Mark Jankowski wins face-off versus Brock Nelson in neutral zone.
17:25 of 1st period - Minor Penalty to Nathan Beaulieu for Tripping.
17:26 of 1st period - Nathan MacKinnon wins face-off versus Kyle Turris in MONTREAL zone.
18:38 of 1st period - Shot by Jayce Hawryluk.
18:38 of 1st period - Deflect By Matt Luff.
18:38 of 1st period - Stopped by Robin Lehner with a rebound.
18:40 of 1st period - Shot by Stephen Johns.
18:40 of 1st period - Shot Hit the Post.
18:42 of 1st period - Shot by Victor Rask.
18:42 of 1st period - Shot Hit the Post.
19:20 of 1st period - Shot by Michael Grabner.
19:20 of 1st period - Stopped by Robin Lehner with a rebound.
19:22 of 1st period - Shot by Nick Holden.
19:22 of 1st period - Stopped by Robin Lehner without a rebound.
19:23 of 1st period - Nathan MacKinnon wins face-off versus Brock Nelson in MONTREAL zone.
19:47 of 1st period - Minor Penalty to Nathan Beaulieu for Hooking.
19:48 of 1st period - Brock Nelson wins face-off versus Nathan MacKinnon in MONTREAL zone.
19:56 of 1st period - Shot by Sam Reinhart.
19:56 of 1st period - Stopped by Robin Lehner without a rebound.
19:57 of 1st period - Kyle Turris wins face-off versus Nathan MacKinnon in MONTREAL zone.
Goals for this period are 0 for MONTREAL vs 1 for VEGAS.
Shots for this period are 8 for MONTREAL vs 9 for VEGAS.

2nd period


0:01 of 2nd period - Brock Nelson wins face-off versus Nathan MacKinnon in neutral zone.
0:16 of 2nd period - Shot by Brent Seabrook.
0:16 of 2nd period - Stopped by Robin Lehner without a rebound.
0:17 of 2nd period - Nathan MacKinnon wins face-off versus Kyle Turris in MONTREAL zone.
0:32 of 2nd period - Erik Gustafsson is hit by Josh Anderson and loses puck.
1:33 of 2nd period - Shot by Nick Holden.
1:33 of 2nd period - Goal by Nick Holden - MONTREAL : 0 - VEGAS : 2.
1:34 of 2nd period - Mark Jankowski wins face-off versus Alexander Kerfoot in neutral zone.
1:42 of 2nd period - Icing by Stephen Johns.
1:43 of 2nd period - Nathan MacKinnon wins face-off versus Alexander Kerfoot in VEGAS zone.
2:02 of 2nd period - Shot by Nathan MacKinnon.
2:02 of 2nd period - Stopped by Braden Holtby without a rebound.
2:03 of 2nd period - Phillip Danault wins face-off versus Sam Reinhart in VEGAS zone.
2:03 of 2nd period - Tomas Tatar is hit by Nick Holden and loses puck.
2:12 of 2nd period - Shot by Tomas Tatar.
2:12 of 2nd period - Deflect By Phillip Danault.
2:12 of 2nd period - Shot Misses the Net.
2:14 of 2nd period - Shot by Alex Iafallo.
2:14 of 2nd period - Deflect By Tomas Tatar.
2:14 of 2nd period - Stopped by Braden Holtby without a rebound.
2:15 of 2nd period - Kyle Turris wins face-off versus Nathan MacKinnon in VEGAS zone.
2:38 of 2nd period - Shot by Max Pacioretty.
2:38 of 2nd period - Stopped by Braden Holtby without a rebound.
2:39 of 2nd period - Brock Nelson wins face-off versus Phillip Danault in VEGAS zone.
2:55 of 2nd period - Alex Iafallo is hit by Nick Holden and loses puck.
3:09 of 2nd period - Shot by Phillip Danault.
3:09 of 2nd period - Shot Blocked by Nick Holden.
3:11 of 2nd period - Shot by Tomas Tatar.
3:11 of 2nd period - Goal by Tomas Tatar - MONTREAL : 1 - VEGAS : 2.
3:12 of 2nd period - Nathan MacKinnon wins face-off versus Kyle Turris in neutral zone.
3:25 of 2nd period - Shot by Max Pacioretty.
3:25 of 2nd period - Shot Misses the Net.
3:28 of 2nd period - Icing by Devon Toews.
3:29 of 2nd period - Kyle Turris wins face-off versus Mark Jankowski in VEGAS zone.
3:29 of 2nd period - Devon Toews is hit by Nino Niederreiter and loses puck.
4:02 of 2nd period - Shot by Nino Niederreiter.
4:02 of 2nd period - Stopped by Braden Holtby with a rebound.
4:17 of 2nd period - Roope Hintz is hit by Brent Seabrook and loses puck.
4:34 of 2nd period - Shot by Nathan MacKinnon.
4:34 of 2nd period - Shot Blocked by Nick Holden.
4:36 of 2nd period - Shot by Max Pacioretty.
4:36 of 2nd period - Goal by Max Pacioretty - MONTREAL : 2 - VEGAS : 2.
4:37 of 2nd period - Phillip Danault wins face-off versus Alexander Kerfoot in neutral zone.
4:42 of 2nd period - Shot by Phillip Danault.
4:42 of 2nd period - Stopped by Braden Holtby without a rebound.
4:43 of 2nd period - Nathan MacKinnon wins face-off versus Alexander Kerfoot in VEGAS zone.
4:46 of 2nd period - Shot by Nathan MacKinnon.
4:46 of 2nd period - Stopped by Braden Holtby without a rebound.
4:47 of 2nd period - Nathan MacKinnon wins face-off versus Sam Reinhart in VEGAS zone.
5:25 of 2nd period - Shot by Nathan MacKinnon.
5:25 of 2nd period - Shot Misses the Net.
5:28 of 2nd period - Minor Penalty to Max Pacioretty for Hooking.
5:29 of 2nd period - Nathan MacKinnon wins face-off versus Kyle Turris in MONTREAL zone.
5:29 of 2nd period - Nathan MacKinnon is hit by Josh Anderson.
5:55 of 2nd period - Shot by Devon Toews.
5:55 of 2nd period - Shot Blocked by Erik Gustafsson.
7:09 of 2nd period - Shot by Brent Seabrook.
7:09 of 2nd period - Shot Misses the Net.
7:20 of 2nd period - Off-side.
7:21 of 2nd period - Brock Nelson wins face-off versus Phillip Danault in neutral zone.
7:42 of 2nd period - Shot by Roope Hintz.
7:42 of 2nd period - Shot Hit the Post.
7:54 of 2nd period - Shot by Alexander Kerfoot.
7:54 of 2nd period - Stopped by Robin Lehner without a rebound.
7:55 of 2nd period - Phillip Danault wins face-off versus Cody Glass in MONTREAL zone.
8:08 of 2nd period - Off-side.
8:09 of 2nd period - Nathan MacKinnon wins face-off versus Brock Nelson in neutral zone.
8:17 of 2nd period - Icing by Slater Koekkoek.
8:18 of 2nd period - Brock Nelson wins face-off versus Phillip Danault in VEGAS zone.
8:40 of 2nd period - Shot by Brock Nelson.
8:40 of 2nd period - Shot Misses the Net.
8:42 of 2nd period - Shot by Brock Nelson.
8:42 of 2nd period - Stopped by Robin Lehner with a rebound.
8:44 of 2nd period - Shot by Oliver Bjorkstrand.
8:44 of 2nd period - Stopped by Robin Lehner without a rebound.
8:45 of 2nd period - Nathan MacKinnon wins face-off versus Kyle Turris in MONTREAL zone.
8:56 of 2nd period - Off-side.
8:57 of 2nd period - Alexander Kerfoot wins face-off versus Mark Jankowski in neutral zone.
9:04 of 2nd period - Shot by Roope Hintz.
9:04 of 2nd period - Stopped by Braden Holtby without a rebound.
9:05 of 2nd period - Nathan MacKinnon wins face-off versus Kyle Turris in VEGAS zone.
9:40 of 2nd period - Max Pacioretty is hit by Michael Grabner and loses puck.
10:41 of 2nd period - Shot by Oliver Bjorkstrand.
10:41 of 2nd period - Stopped by Robin Lehner without a rebound.
10:42 of 2nd period - Alexander Kerfoot wins face-off versus Mark Jankowski in MONTREAL zone.
12:01 of 2nd period - Shot by Phillip Danault.
12:01 of 2nd period - Stopped by Braden Holtby without a rebound.
12:02 of 2nd period - Brock Nelson wins face-off versus Nathan MacKinnon in VEGAS zone.
12:15 of 2nd period - Shot by Brock Nelson.
12:15 of 2nd period - Shot Misses the Net.
12:17 of 2nd period - Shot by Devon Toews.
12:17 of 2nd period - Stopped by Robin Lehner without a rebound.
12:18 of 2nd period - Phillip Danault wins face-off versus Kyle Turris in MONTREAL zone.
12:31 of 2nd period - Shot by Stephen Johns.
12:31 of 2nd period - Stopped by Robin Lehner without a rebound.
12:32 of 2nd period - Brock Nelson wins face-off versus Nathan MacKinnon in MONTREAL zone.
13:47 of 2nd period - Icing by P.K. Subban.
13:48 of 2nd period - Phillip Danault wins face-off versus Alexander Kerfoot in MONTREAL zone.
14:35 of 2nd period - Minor Penalty to Josh Anderson for Hooking.
14:36 of 2nd period - Nathan MacKinnon wins face-off versus Brock Nelson in VEGAS zone.
14:43 of 2nd period - Shot by Tony DeAngelo.
14:43 of 2nd period - Deflect By Max Pacioretty.
14:43 of 2nd period - Shot Blocked by Brent Seabrook.
14:45 of 2nd period - Shot by Nathan MacKinnon.
14:45 of 2nd period - Shot Misses the Net.
14:47 of 2nd period - Shot by Tony DeAngelo.
14:47 of 2nd period - Stopped by Braden Holtby with a rebound.
14:49 of 2nd period - Shot by Erik Gustafsson.
14:49 of 2nd period - Stopped by Braden Holtby without a rebound.
14:50 of 2nd period - Nathan MacKinnon wins face-off versus Brock Nelson in VEGAS zone.
15:17 of 2nd period - Icing by Tony DeAngelo.
15:18 of 2nd period - Brock Nelson wins face-off versus Nathan MacKinnon in MONTREAL zone.
15:18 of 2nd period - Brock Nelson is hit by Tony DeAngelo.
15:29 of 2nd period - Shot by Sam Reinhart.
15:29 of 2nd period - Stopped by Robin Lehner without a rebound.
15:30 of 2nd period - Brock Nelson wins face-off versus Phillip Danault in MONTREAL zone.
15:33 of 2nd period - Shot by Sam Reinhart.
15:33 of 2nd period - Deflect By Brock Nelson.
15:33 of 2nd period - Stopped by Robin Lehner without a rebound.
15:34 of 2nd period - Phillip Danault wins face-off versus Brock Nelson in MONTREAL zone.
16:53 of 2nd period - Shot by Alexander Kerfoot.
16:53 of 2nd period - Stopped by Robin Lehner without a rebound.
16:54 of 2nd period - Kyle Turris wins face-off versus Nathan MacKinnon in MONTREAL zone.
16:59 of 2nd period - Shot by Josh Anderson.
16:59 of 2nd period - Stopped by Robin Lehner with a rebound.
17:13 of 2nd period - Shot by Josh Anderson.
17:13 of 2nd period - Stopped by Robin Lehner without a rebound.
17:14 of 2nd period - Alexander Kerfoot wins face-off versus Mark Jankowski in MONTREAL zone.
17:35 of 2nd period - Slater Koekkoek is hit by Roope Hintz and loses puck.
18:01 of 2nd period - Off-side.
18:02 of 2nd period - Nathan MacKinnon wins face-off versus Kyle Turris in neutral zone.
19:26 of 2nd period - Shot by Oliver Bjorkstrand.
19:26 of 2nd period - Stopped by Robin Lehner without a rebound.
19:27 of 2nd period - Phillip Danault wins face-off versus Alexander Kerfoot in MONTREAL zone.
19:34 of 2nd period - Shot by Tomas Tatar.
19:34 of 2nd period - Shot Misses the Net.
19:36 of 2nd period - Shot by Tomas Tatar.
19:36 of 2nd period - Shot Blocked by Stephen Johns.
19:58 of 2nd period - Shot by Alex Iafallo.
19:58 of 2nd period - Shot Misses the Net.
Goals for this period are 2 for MONTREAL vs 1 for VEGAS.
Shots for this period are 12 for MONTREAL vs 14 for VEGAS.

3rd period


0:01 of 3rd period - Nathan MacKinnon wins face-off versus Sam Reinhart in neutral zone.
0:24 of 3rd period - Shot by Brock Nelson.
0:24 of 3rd period - Shot Blocked by Erik Gustafsson.
0:36 of 3rd period - Shot by Nathan MacKinnon.
0:36 of 3rd period - Stopped by Braden Holtby without a rebound.
0:37 of 3rd period - Kyle Turris wins face-off versus Phillip Danault in VEGAS zone.
0:37 of 3rd period - Kyle Turris is hit by Phillip Danault.
1:14 of 3rd period - Shot by P.K. Subban.
1:14 of 3rd period - Deflect By Tomas Tatar.
1:14 of 3rd period - Shot Blocked by Devon Toews.
1:26 of 3rd period - Devon Toews is hit by Tomas Tatar.
1:51 of 3rd period - Kyle Turris is hit by Nino Niederreiter.
2:33 of 3rd period - Shot by Brock Nelson.
2:33 of 3rd period - Stopped by Robin Lehner without a rebound.
2:34 of 3rd period - Alexander Kerfoot wins face-off versus Nathan MacKinnon in MONTREAL zone.
2:49 of 3rd period - Shot by Nathan MacKinnon.
2:49 of 3rd period - Shot Misses the Net.
2:51 of 3rd period - Shot by Tony DeAngelo.
2:51 of 3rd period - Stopped by Braden Holtby without a rebound.
2:52 of 3rd period - Phillip Danault wins face-off versus Cody Glass in VEGAS zone.
3:33 of 3rd period - Minor Penalty to Sam Reinhart for Interference.
3:34 of 3rd period - Brock Nelson wins face-off versus Nathan MacKinnon in VEGAS zone.
4:04 of 3rd period - Shot by Tony DeAngelo.
4:04 of 3rd period - Goal by Tony DeAngelo - MONTREAL : 3 - VEGAS : 2.
4:05 of 3rd period - Kyle Turris wins face-off versus Mark Jankowski in neutral zone.
4:19 of 3rd period - Josh Anderson is hit by Will Butcher and loses puck.
4:36 of 3rd period - Shot by Josh Anderson.
4:36 of 3rd period - Stopped by Robin Lehner without a rebound.
4:37 of 3rd period - Brock Nelson wins face-off versus Max Pacioretty in MONTREAL zone.
4:37 of 3rd period - Sam Reinhart is hit by Erik Gustafsson and loses puck.
4:55 of 3rd period - Nathan MacKinnon is hit by Nikita Zadorov.
4:57 of 3rd period - Shot by Max Pacioretty.
4:57 of 3rd period - Stopped by Braden Holtby with a rebound.
4:59 of 3rd period - Shot by Erik Gustafsson.
4:59 of 3rd period - Stopped by Braden Holtby without a rebound.
5:00 of 3rd period - Phillip Danault wins face-off versus Alexander Kerfoot in VEGAS zone.
5:04 of 3rd period - Icing by Brent Seabrook.
5:05 of 3rd period - Alexander Kerfoot wins face-off versus Phillip Danault in VEGAS zone.
5:05 of 3rd period - Alexander Kerfoot is hit by Tomas Tatar.
5:24 of 3rd period - Shot by Alex Iafallo.
5:24 of 3rd period - Shot Blocked by Nick Holden.
5:26 of 3rd period - Shot by P.K. Subban.
5:26 of 3rd period - Goal by P.K. Subban - MONTREAL : 4 - VEGAS : 2.
5:27 of 3rd period - Brock Nelson wins face-off versus Nathan MacKinnon in neutral zone.
5:38 of 3rd period - Shot by Vincent Trocheck.
5:38 of 3rd period - Shot Misses the Net.
5:40 of 3rd period - Shot by Max Pacioretty.
5:40 of 3rd period - Shot Blocked by Nikita Zadorov.
5:44 of 3rd period - Shot by Nathan MacKinnon.
5:44 of 3rd period - Stopped by Braden Holtby without a rebound.
5:45 of 3rd period - Kyle Turris wins face-off versus Phillip Danault in VEGAS zone.
5:55 of 3rd period - Shot by Keith Yandle.
5:55 of 3rd period - Stopped by Braden Holtby without a rebound.
5:56 of 3rd period - Brock Nelson wins face-off versus Nathan MacKinnon in VEGAS zone.
6:08 of 3rd period - Sam Reinhart is hit by Erik Gustafsson and loses puck.
6:33 of 3rd period - Shot by Sam Reinhart.
6:33 of 3rd period - Shot Blocked by Erik Gustafsson.
6:35 of 3rd period - Shot by Brock Nelson.
6:35 of 3rd period - Shot Blocked by Tony DeAngelo.
6:37 of 3rd period - Shot by Devon Toews.
6:37 of 3rd period - Stopped by Robin Lehner without a rebound.
6:38 of 3rd period - Alex Iafallo wins face-off versus Kyle Turris in MONTREAL zone.
7:05 of 3rd period - Icing by Josh Anderson.
7:06 of 3rd period - Roope Hintz wins face-off versus Kyle Turris in VEGAS zone.
7:09 of 3rd period - Shot by Roope Hintz.
7:09 of 3rd period - Shot Misses the Net.
7:19 of 3rd period - Shot by Roope Hintz.
7:19 of 3rd period - Stopped by Braden Holtby without a rebound.
7:20 of 3rd period - Brock Nelson wins face-off versus Nathan MacKinnon in VEGAS zone.
7:28 of 3rd period - Sam Reinhart is hit by Erik Gustafsson and loses puck.
7:43 of 3rd period - Shot by Oliver Bjorkstrand.
7:43 of 3rd period - Deflect By Brock Nelson.
7:43 of 3rd period - Shot Misses the Net.
7:51 of 3rd period - Shot by Sam Reinhart.
7:51 of 3rd period - Stopped by Robin Lehner without a rebound.
7:52 of 3rd period - Phillip Danault wins face-off versus Alexander Kerfoot in MONTREAL zone.
8:04 of 3rd period - Minor Penalty to Alex Iafallo for Boarding.
8:05 of 3rd period - Kyle Turris wins face-off versus Nathan MacKinnon in MONTREAL zone.
8:34 of 3rd period - Shot by Josh Anderson.
8:34 of 3rd period - Shot Misses the Net.
8:36 of 3rd period - Shot by Nick Holden.
8:36 of 3rd period - Shot Misses the Net.
8:38 of 3rd period - Shot by Josh Anderson.
8:38 of 3rd period - Stopped by Robin Lehner without a rebound.
8:39 of 3rd period - Vincent Trocheck wins face-off versus Brock Nelson in MONTREAL zone.
8:48 of 3rd period - Shot by Oliver Bjorkstrand.
8:48 of 3rd period - Goal by Oliver Bjorkstrand - MONTREAL : 4 - VEGAS : 3.
8:49 of 3rd period - Mark Jankowski wins face-off versus Alexander Kerfoot in neutral zone.
8:56 of 3rd period - Shot by Roope Hintz.
8:56 of 3rd period - Shot Misses the Net.
8:59 of 3rd period - Icing by Stephen Johns.
9:00 of 3rd period - Alexander Kerfoot wins face-off versus Phillip Danault in VEGAS zone.
9:00 of 3rd period - Alexander Kerfoot is hit by Phillip Danault.
9:12 of 3rd period - Shot by Max Comtois.
9:12 of 3rd period - Stopped by Robin Lehner with a rebound.
9:24 of 3rd period - Shot by Alexander Kerfoot.
9:24 of 3rd period - Stopped by Robin Lehner without a rebound.
9:25 of 3rd period - Nathan MacKinnon wins face-off versus Brock Nelson in MONTREAL zone.
9:25 of 3rd period - Nathan MacKinnon is hit by Brock Nelson.
10:02 of 3rd period - Shot by Brock Nelson.
10:02 of 3rd period - Shot Misses the Net.
10:04 of 3rd period - Shot by Nick Holden.
10:04 of 3rd period - Stopped by Robin Lehner without a rebound.
10:05 of 3rd period - Phillip Danault wins face-off versus Kyle Turris in MONTREAL zone.
10:05 of 3rd period - Phillip Danault is hit by Josh Anderson.
10:10 of 3rd period - Keith Yandle is hit by Nikita Zadorov and loses puck.
11:19 of 3rd period - Minor Penalty to Nathan Beaulieu for Holding.
11:20 of 3rd period - Nathan MacKinnon wins face-off versus Brock Nelson in MONTREAL zone.
11:45 of 3rd period - Shot by Brock Nelson.
11:45 of 3rd period - Shot Blocked by Tony DeAngelo.
11:49 of 3rd period - Shot by Oliver Bjorkstrand.
11:49 of 3rd period - Stopped by Robin Lehner with a rebound.
11:51 of 3rd period - Shot by Nick Holden.
11:51 of 3rd period - Stopped by Robin Lehner without a rebound.
11:52 of 3rd period - Kyle Turris wins face-off versus Nathan MacKinnon in MONTREAL zone.
12:21 of 3rd period - Shot by Michael Grabner.
12:21 of 3rd period - Stopped by Robin Lehner with a rebound.
12:53 of 3rd period - Icing by Brent Seabrook.
12:54 of 3rd period - Brock Nelson wins face-off versus Nathan MacKinnon in VEGAS zone.
13:01 of 3rd period - Shot by Brent Seabrook.
13:01 of 3rd period - Stopped by Robin Lehner without a rebound.
13:02 of 3rd period - Kyle Turris wins face-off versus Vincent Trocheck in MONTREAL zone.
13:15 of 3rd period - Shot by Nikita Zadorov.
13:15 of 3rd period - Goal by Nikita Zadorov - MONTREAL : 4 - VEGAS : 4.
13:16 of 3rd period - Mark Jankowski wins face-off versus Alexander Kerfoot in neutral zone.
13:19 of 3rd period - Max Comtois is hit by Roope Hintz and loses puck.
13:32 of 3rd period - Shot by Daniel Sprong.
13:32 of 3rd period - Stopped by Robin Lehner without a rebound.
13:33 of 3rd period - Phillip Danault wins face-off versus Oliver Bjorkstrand in MONTREAL zone.
14:06 of 3rd period - Shot by Tomas Tatar.
14:06 of 3rd period - Deflect By Alex Iafallo.
14:06 of 3rd period - Stopped by Braden Holtby without a rebound.
14:07 of 3rd period - Kyle Turris wins face-off versus Max Pacioretty in VEGAS zone.
14:07 of 3rd period - Kyle Turris is hit by Vincent Trocheck.
14:14 of 3rd period - Michael Grabner is hit by P.K. Subban and loses puck.
14:29 of 3rd period - Shot by Max Pacioretty.
14:29 of 3rd period - Shot Misses the Net.
15:27 of 3rd period - Shot by Mark Jankowski.
15:27 of 3rd period - Stopped by Braden Holtby without a rebound.
15:28 of 3rd period - Phillip Danault wins face-off versus Brock Nelson in VEGAS zone.
15:42 of 3rd period - Sam Reinhart is hit by Tony DeAngelo and loses puck.
16:07 of 3rd period - Shot by Phillip Danault.
16:07 of 3rd period - Stopped by Braden Holtby without a rebound.
16:08 of 3rd period - Kyle Turris wins face-off versus Mark Jankowski in VEGAS zone.
16:27 of 3rd period - Shot by Josh Anderson.
16:27 of 3rd period - Stopped by Robin Lehner without a rebound.
16:28 of 3rd period - Alexander Kerfoot wins face-off versus Nathan MacKinnon in MONTREAL zone.
17:16 of 3rd period - Icing by Slater Koekkoek.
17:17 of 3rd period - Alexander Kerfoot wins face-off versus Tomas Tatar in VEGAS zone.
17:40 of 3rd period - Shot by Tomas Tatar.
17:40 of 3rd period - Stopped by Braden Holtby without a rebound.
17:41 of 3rd period - Mark Jankowski wins face-off versus Brock Nelson in VEGAS zone.
18:18 of 3rd period - Shot by Nino Niederreiter.
18:18 of 3rd period - Stopped by Braden Holtby without a rebound.
18:19 of 3rd period - Nathan MacKinnon wins face-off versus Kyle Turris in VEGAS zone.
18:47 of 3rd period - Minor Penalty to Vincent Trocheck for Boarding.
18:48 of 3rd period - Brock Nelson wins face-off versus Nathan MacKinnon in MONTREAL zone.
18:48 of 3rd period - Brock Nelson is hit by P.K. Subban.
18:52 of 3rd period - Shot by Brock Nelson.
18:52 of 3rd period - Shot Misses the Net.
19:21 of 3rd period - Shot by Oliver Bjorkstrand.
19:21 of 3rd period - Shot Misses the Net.
Goals for this period are 2 for MONTREAL vs 2 for VEGAS.
Shots for this period are 14 for MONTREAL vs 16 for VEGAS.

Overtime #1


0:01 of 1st overtime period - Nathan MacKinnon wins face-off versus Brock Nelson in neutral zone.
0:18 of 1st overtime period - Shot by Brock Nelson.
0:18 of 1st overtime period - Shot Misses the Net.
0:20 of 1st overtime period - Shot by Brock Nelson.
0:20 of 1st overtime period - Shot Misses the Net.
0:22 of 1st overtime period - Shot by Brock Nelson.
0:22 of 1st overtime period - Shot Misses the Net.
0:24 of 1st overtime period - Shot by Sam Reinhart.
0:24 of 1st overtime period - Stopped by Robin Lehner without a rebound.
0:25 of 1st overtime period - Brock Nelson wins face-off versus Nathan MacKinnon in MONTREAL zone.
0:28 of 1st overtime period - Shot by Sam Reinhart.
0:28 of 1st overtime period - Stopped by Robin Lehner without a rebound.
0:29 of 1st overtime period - Brock Nelson wins face-off versus Nathan MacKinnon in MONTREAL zone.
0:56 of 1st overtime period - Shot by Phillip Danault.
0:56 of 1st overtime period - Shot Blocked by Brent Seabrook.
0:58 of 1st overtime period - Shot by Brock McGinn.
0:58 of 1st overtime period - Shot Blocked by Brent Seabrook.
1:00 of 1st overtime period - Shot by Brock McGinn.
1:00 of 1st overtime period - Shot Misses the Net.
1:02 of 1st overtime period - Shot by Brock McGinn.
1:02 of 1st overtime period - Stopped by Braden Holtby with a rebound.
1:04 of 1st overtime period - Shot by Phillip Danault.
1:04 of 1st overtime period - Shot Misses the Net.
1:06 of 1st overtime period - Shot by Brock McGinn.
1:06 of 1st overtime period - Stopped by Braden Holtby with a rebound.
1:47 of 1st overtime period - Shot by Max Pacioretty.
1:47 of 1st overtime period - Shot Misses the Net.
1:52 of 1st overtime period - Josh Anderson is hit by Max Pacioretty and loses puck.
3:46 of 1st overtime period - Shot by Nathan MacKinnon.
3:46 of 1st overtime period - Goal by Nathan MacKinnon - MONTREAL : 5 - VEGAS : 4.
Goals for this period are 1 for MONTREAL vs 0 for VEGAS.
Shots for this period are 3 for MONTREAL vs 2 for VEGAS.